 Dungeon Crawl Stone Soup version 0.21.1-1-g345015f (webtiles) character file.

182 grindst0ne the Skirmisher (level 5, 0/44 HPs)
             Began as a Formicid Fighter on Feb 24, 2018.
             Slain by an iguana (8 damage)
             ... on level 4 of the Dungeon.
             The game lasted 00:03:29 (2346 turns).

grindst0ne the Skirmisher (Formicid Fighter)        Turns: 2346, Time: 00:03:30

Health: 0/44       AC:  9    Str: 21    XL:     5   Next: 93%
Magic:  14/14      EV:  5    Int:  8    God:
Gold:   132        SH:  9    Dex: 10    Spells: 4/4 levels left

rFire    . . .     SeeInvis +   a - +0 war axe
rCold    . . .     Gourm    .   c - +0 shield
rNeg     . . .     Faith    .   l - +0 chain mail
rPois    .         Spirit   .   (helmet unavailable)
rElec    .         Reflect  .   (no cloak)
rCorr    .         Harm     .   (no gloves)
MR       .....                  (no boots)
Stlth    ..........             (no amulet)
HPRegen  0.14/turn              q - ring of magical power
MPRegen  0.14/turn              (no ring)

@: no status effects
A: permanent stasis, dig shafts and tunnels, four strong arms, antennae 3
a: Dig, Shaft Self


You were on level 4 of the Dungeon.
You were not hungry.

You visited 1 branch of the dungeon, and saw 4 of its levels.

You collected 132 gold pieces.

Inventory:

Hand Weapons
 a - a +0 war axe (weapon)
Armour
 c - a +0 shield (worn)
 l - a +0 chain mail (worn)
Jewellery
 q - a ring of magical power (left hand)
Scrolls
 e - 3 scrolls of remove curse {unknown}
 g - 2 scrolls of enchant armour {unknown}
 h - a scroll of fog {unknown}
 j - 2 scrolls of teleportation {unknown}
 n - 7 scrolls of identify {unknown}
 v - a scroll of blinking {unknown}
Potions
 b - a potion of lignification {unknown}
 d - a potion of might
 i - a potion of mutation {unknown}
 k - a potion of ambrosia {unknown}
 o - 5 potions of heal wounds {unknown}
 p - 2 potions of curing
 r - a potion of degeneration {unknown}
 s - 2 potions of invisibility {unknown}
 t - 2 potions of brilliance {unknown}
 w - a potion of flight {unknown}
Books
 m - a book of Changes

   Spells                             Type                      Level
   a - Beastly Appendage              Transmutation                1
   b - Sticks to Snakes               Transmutation                2
   c - Spider Form                    Transmutation/Poison         3
   d - Ice Form                       Ice/Transmutation            4
   e - Blade Hands                    Transmutation                5
Comestibles
 f - 8 rations


   Skills:
 + Level 5.3 Fighting
 + Level 4.2 Axes
 - Level 3.2 Armour
 - Level 3.6 Shields


You had 4 spell levels left.
You didn't know any spells.

Dungeon Overview and Level Annotations

Branches:
Dungeon (4/15)
 Temple: D:4-7

Altars:
Kikubaaqudgha
Makhleb
Okawaru
Vehumet
Xom

Shops:
D:4 *


Innate Abilities, Weirdness & Mutations

You cannot be hasted, slowed, berserked, paralysed or teleported.
You can dig through walls and to a lower floor.
Your four strong arms can wield two-handed weapons with a shield.
You have a pair of large antennae on your head. (SInv)


Message History

You block the iguana's attack.
You slash the iguana!
The iguana is severely wounded.
The orc wizard gestures at you while chanting.
You are confused.
The iguana bites you.
An orc priest comes into view.
You hit the iguana.
The iguana is almost dead.
The iguana bites you! The iguana barely misses you.
The orc priest calls down the wrath of Beogh upon you.
Beogh smites you!
* * * LOW HITPOINT WARNING * * *
The orc hits you but does no damage.
You see here a ration.
You feel better. You block the orc's attack.
The orc hits you but does no damage. The iguana bites you!
* * * LOW HITPOINT WARNING * * *
The iguana bites you!
You die...

###.#. ....<.
#.#.####
#......#
#......#
###.....<#
#..(.....#
..#......#####
#.o@........
#..ol..#####
.......oo....#
.##..∩.......#
#....o........
..............#
................
.##...........##
####.(.....##


You could see an iguana, an orc priest, an orc wizard and 3 orcs.

Vanquished Creatures
  An orc wizard (D:3)
  7 adders
  3 oozes
  A dart slug (D:2)
  3 leopard geckos
  11 orcs (D:3)
  2 ball pythons (D:2)
  4 giant cockroaches
  4 hobgoblins
  6 kobolds
  2 quokkas
  5 bats
  A frilled lizard (D:1)
  5 goblins
  14 rats
69 creatures vanquished.

Notes
Turn   | Place    | Note
-------+----------+-------------------------------------------
     0 | D:1      | grindst0ne the Formicid Fighter began the quest for the Orb.
     0 | D:1      | Reached XP level 1. HP: 18/18 MP: 1/1
   116 | D:1      | Reached XP level 2. HP: 22/25 MP: 2/2
   476 | D:1      | Reached XP level 3. HP: 30/30 MP: 3/3
   526 | D:1      | Reached skill level 4 in Fighting
   810 | D:2      | Reached XP level 4. HP: 36/37 MP: 4/4
  1506 | D:2      | Found a burning altar of Makhleb.
  1604 | D:2      | Reached XP level 5. HP: 43/43 MP: 5/5
  1704 | D:3      | Found an iron altar of Okawaru.
  1735 | D:3      | Found an ancient bone altar of Kikubaaqudgha.
  1887 | D:3      | Reached skill level 5 in Fighting
  1902 | D:3      | Found a radiant altar of Vehumet.
  2008 | D:3      | Found a shimmering altar of Xom.
  2014 | D:3      | Found a shimmering altar of Xom.
  2335 | D:4      | Found Damoo's General Store.
  2346 | D:4      | Slain by an iguana

Skill      XL: |  1  2  3  4  5 |
---------------+----------------+-----
Fighting       | 4 5 |  5.3
Axes           | 3 4 |  4.2
Armour         | |  3.2
Shields        | |  3.6

Action                   |  1- 3 |  4- 6 || total
-------------------------+-------+-------++-------
Melee: War axe           |    63 |   128 ||   191
  Use: Potion            |       |     1 ||     1
  Eat: Chunk             |       |     5 ||     5
Armor: Scale mail        |    40 |    30 ||    70
       Chain mail        |       |    33 ||    33
Dodge: Dodged            |    18 |    36 ||    54
Block: Shield            |    37 |    89 ||   126
